 Dungeon Crawl Stone Soup version 0.28.0-45-g0d030f2227 (webtiles) character file.

Game seed: 2897382041246668405

56 seaoflcl the Covered (level 4, -2/35 HPs)
             Began as a Human Fighter on Apr 23, 2022.
             Succumbed to Terence's poison
             ... on level 2 of the Dungeon.
             The game lasted 00:01:59 (1811 turns).

seaoflcl the Covered (Human Fighter)                Turns: 1811, Time: 00:02:00

Health: -2/35      AC:  9    Str: 24    XL:     4   Next: 17%
Magic:  4/4        EV:  9    Int:  8    God:
Gold:   72         SH:  4    Dex: 13    Spells: 3/3 levels left

rFire   . . .      SeeInvis .   i - +4 whip
rCold   . . .      Faith    .   c - +0 buckler
rNeg    . . .      Spirit   .   b - +0 scale mail
rPois   .          Reflect  .   g - +2 hat
rElec   .          Harm     .   (no cloak)
rCorr   .          Rampage  .   (no gloves)
Will    .....                   (no boots)
Stlth   ..........              (no amulet)
HPRegen 0.11/turn               o - +6 ring of strength
MPRegen 0.09/turn               (no ring)

@: lethally poisoned (-2 -> -19), attractive, flying
A: no striking features
a: no special abilities


You were on level 2 of the Dungeon.
You visited 1 branch of the dungeon, and saw 2 of its levels.

You collected 72 gold pieces.

Inventory:

Hand Weapons
 a - a +0 long sword
 i - a +4 whip (weapon)
Armour
 b - a +0 scale mail (worn)
 c - a +0 buckler (worn)
 g - a +2 hat (worn)
 n - a +0 helmet
Jewellery
 o - a +6 ring of strength (left hand)
Wands
 l - a wand of flame (9)
Scrolls
 e - a scroll of enchant armour {unknown}
 f - a scroll of identify {unknown}
 j - a scroll of amnesia {unknown}
 k - a scroll of teleportation {unknown}
 m - a scroll of silence {unknown}
Potions
 d - a potion of might
 q - a potion of cancellation {unknown}


   Skills:
 + Level 3.4 Fighting
 + Level 2.4 Long Blades
 + Level 0.4 Maces & Flails
 + Level 3.7 Armour
 + Level 0.2 Dodging
 + Level 3.2 Shields


You had 3 spell levels left.
You didn't know any spells.
Your spell library contained the following spells:

 Spells                   Type           Power      Damage    Failure   Level
 Summon Small Mammal      Summ           0%         N/A       80%         1
 Call Canine Familiar     Summ           0%         N/A       99%         3
 Summon Guardian Golem    Hex/Summ       0%         N/A       99%         3


Dungeon Overview and Level Annotations

Branches:
Dungeon (2/15)

Altars:

Annotations:
D:2 Terence


Message History

Terence hits you but does no damage.
You are more poisoned.
You hit Terence.
Terence is moderately wounded.
You feel very sick. Terence hits you but does no damage.
You are more poisoned.
You hit Terence but do no damage.
Terence is moderately wounded.
You feel very sick. Terence hits you but does no damage.
You are lethally poisoned!
You barely miss Terence.
Terence is moderately wounded.
You feel very sick. Terence barely misses you.
Terence hits you but does no damage.
You are too injured to fight recklessly!
You are too injured to fight recklessly!
You feel very sick.
* * * LOW HITPOINT WARNING * * *
You feel very sick.
* * * LOW HITPOINT WARNING * * *
You feel very sick.
Hit: i) +4 whip
Press: ? - help, Dir - move target, f - Terence
Aim: Terence, wielding a +0 short sword of venom and wearing a +0 ring mail (moderately wounded, about 34% to evade your +4 whip)
You hit Terence but do no damage.
Terence is moderately wounded.
* * * LOW HITPOINT WARNING * * *
You feel very sick. You block Terence's attack.
It was a potion of attraction.
You feel attractive to monsters.
* * * LOW HITPOINT WARNING * * *
You feel sick. Terence hits you but does no damage.
You are more poisoned.
It was a potion of flight.
You feel very buoyant.
You fly up into the air.
You die...

##########.......###...#.#.#
#...........# #.....#.##
#...........# #.#......#####
#.....###'#.###+#...........
#.....# #.#.#.......########
#.....# #.#.........#.......
#.....# #.#.........#.######
#.....# #.#.....#'###.#
####### #.#@....#.###.#
#..@###.#.....# ##..#
#.############ #..#
#.............
##>..#..###########
#.###..#.....<..#. #..
#..#.####.#.#. ####
#.......#.#.#. #..#
##.#.#..#.#.#.


You could see Terence.

Vanquished Creatures
  2 adders (D:2)
  3 ball pythons (D:2)
  5 endoplasms
  A giant cockroach (D:1)
  2 hobgoblins
  4 jackals
  A quokka (D:1)
  8 bats
  4 goblins
  3 kobolds
  3 rats
36 creatures vanquished.

Notes
Turn   | Place    | Note
-------+----------+-------------------------------------------
     0 | D:1      | seaoflcl the Human Fighter began the quest for the Orb.
     0 | D:1      | Reached XP level 1. HP: 18/18 MP: 1/1
   253 | D:1      | Reached XP level 2. HP: 24/24 MP: 2/2
   664 | D:1      | Reached XP level 3. HP: 29/29 MP: 3/3
   903 | D:2      | Found a faded altar of an unknown god.
  1552 | D:2      | Reached XP level 4. HP: 27/35 MP: 4/4
  1798 | D:2      | Noticed Terence
  1810 | D:2      | HP: 1/35 [poisoned by Terence]
  1811 | D:2      | Succumbed to Terence's poison

Illustrated notes

Levels and vault maps discovered:
D:1:      lightli_molten_gateway, layout_rooms,
          nicolae_concentric_dashed_squares_mild, ebering_dispersal_statue_hall
D:2:      layout_basic, hellmonk_ecumenical_altar_lost_god,
          kennysheep_generic_room_14, uniq_terence

Action                   |  1- 3 |  4- 6 || total
-------------------------+-------+-------++-------
Melee: Long sword        |    51 |       ||    51
       Whip              |    48 |     6 ||    54
  Use: Potion            |       |     2 ||     2
Armor: Scale mail        |    53 |     6 ||    59
Dodge: Dodged            |    51 |     2 ||    53
Block: Buckler           |    27 |     1 ||    28
